[Event "Early Titled Tuesday Blitz | February 8 2022"]
[White "Maevsky, Nikolay"]
[Black "Shevchenko, Kirill"]
[WhiteFideId "4198220"]
[BlackFideId "14129574"]
[WhiteElo "2104"]
[BlackElo "2624"]
[Result "0-1"]
[Round "08"]
[TimeControl "180+1"]
[Date "2022.02.08"]
[WhiteClock "0:00:09"]
[BlackClock "0:00:48"]

1. d4 Nf6 2. Nf3 g6 3. c4 Bg7 4. Nc3 O-O 5. e4 d6 6. Be2 e5 7. d5 a5 8. Bg5 h6 9. Be3 Ng4 10. Bd2 f5 11. h3 Nf6 12. exf5 gxf5 13. Qc1 f4 14. g3 e4 15. Nh4 e3 16. fxe3 fxg3 17. Ng6 Re8 18. Qc2 Na6 19. Nf4 Re5 20. a3 Nc5 21. O-O Bf5 22. Qd1 Nfe4 23. Be1 Qh4 24. Bg4 Rf8 25. Qf3 Ng5 26. Qxg3 Qxg3+ 27. Bxg3 Rxe3 28. Kh2 Bxg4 29. hxg4 Nf3+ 30. Kg2 Nd2 31. Rfe1 Nxc4 32. Rxe3 Nxe3+ 33. Kf3 Bxc3 34. bxc3 Nxd5 35. Rh1 Nxf4 36. Bxf4 Ne6 37. Rxh6 Nxf4 38. Kg3 Kg7 39. Rh2 Nd5 40. c4 Ne3 41. Rb2 b6 42. Re2 Nxc4 43. Re7+ Rf7 44. Re4 Nxa3 45. g5 Nc2 46. Kg4 d5 47. Re5 a4 48. Kh5 a3 49. g6 Rd7 0-1


[Site "https://www.chess.com"]

[Event "Early Titled Tuesday Blitz | February 8 2022"]
[White "Maksimenko, Viktor"]
[Black "Triapishko, Alexandr"]
[WhiteFideId "13710478"]
[BlackFideId "14122286"]
[WhiteElo "2269"]
[BlackElo "2479"]
[Result "1-0"]
[Round "08"]
[TimeControl "180+1"]
[Date "2022.02.08"]
[WhiteClock "0:00:51"]
[BlackClock "0:00:29"]

1. e4 c5 2. Nf3 Nc6 3. Bb5 g6 4. O-O Bg7 5. Re1 e5 6. b4 Nxb4 7. Bb2 Qc7 8. d4 cxd4 9. c3 Nc6 10. cxd4 exd4 11. Nxd4 Nf6 12. e5 Nd5 13. Bc4 Nxd4 14. Qxd4 Nb6 15. Bxf7+ Ke7 16. Bb3 Kd8 17. Nc3 d6 18. Rad1 Bd7 19. exd6 Qc4 1-0


[Site "https://www.chess.com"]

[Event "Early Titled Tuesday Blitz | February 8 2022"]
[White "Manelyuk, Daniil"]
[Black "Pantzar, Milton"]
[WhiteFideId "44173920"]
[BlackFideId "1721003"]
[WhiteElo "2222"]
[BlackElo "2340"]
[Result "0-1"]
[Round "08"]
[TimeControl "180+1"]
[Date "2022.02.08"]
[WhiteClock "0:00:02"]
[BlackClock "0:00:28"]

1. e4 c6 2. d4 d5 3. Nc3 dxe4 4. Nxe4 Nf6 5. Nxf6+ exf6 6. c3 Bd6 7. Bd3 O-O 8. Qc2 Re8+ 9. Ne2 h5 10. O-O h4 11. h3 Nd7 12. Be3 Nf8 13. Rae1 Bc7 14. Qd2 Ng6 15. Bxg6 fxg6 16. Bf4 g5 17. Bxc7 Qxc7 18. Nc1 Bf5 19. Nd3 a5 20. f4 g4 21. hxg4 Bxg4 22. Nc5 Bf5 23. Qf2 h3 24. gxh3 Bxh3 25. f5 Bxf5 26. Kg2 Bg6 27. Ne6 Qd6 28. Nf4 Be4+ 29. Kg1 a4 30. Qg3 Ra5 31. Kf2 Rg5 32. Qh4 Rf5 33. Kg3 g5 34. Qh6 Rxf4 35. Rxe4 Rfxe4+ 36. Kg2 Rg4+ 37. Kf3 Qf4# 0-1


[Site "https://www.chess.com"]

[Event "Early Titled Tuesday Blitz | February 8 2022"]
[White "Manon-og, Ramon Jr."]
[Black "Fajdetic, Hrvoje"]
[WhiteFideId "5200776"]
[BlackFideId "14501945"]
[WhiteElo "2348"]
[BlackElo "2140"]
[Result "0-1"]
[Round "08"]
[TimeControl "180+1"]
[Date "2022.02.08"]
[WhiteClock "0:00:01"]
[BlackClock "0:00:14"]

1. e4 e6 2. d4 d5 3. Nd2 dxe4 4. Nxe4 Nd7 5. Bd3 Ngf6 6. Nf3 Nxe4 7. Bxe4 Nf6 8. Bd3 c5 9. dxc5 Bxc5 10. Bg5 Qa5+ 11. c3 Nd5 12. O-O Qc7 13. Qe2 Bd7 14. Rad1 Nf4 15. Qe5 Qxe5 16. Nxe5 Nxd3 17. Rxd3 Bc6 18. Nxc6 bxc6 19. Rfd1 f6 20. Bh4 Be7 21. f4 Rd8 22. Bf2 a6 23. Rxd8+ Bxd8 24. Rd6 Kf7 25. Rxc6 a5 26. Rc8 Re8 27. Kf1 h5 28. c4 Be7 29. Rxe8 Kxe8 30. c5 Kd7 31. a3 a4 32. b4 axb3 33. Bd4 Bxc5 34. Bb2 Kc6 35. Ke2 Kb5 36. Kd3 Ka4 37. Kc4 Bxa3 38. Bc3 b2 39. Bxb2 Bxb2 40. f5 exf5 41. Kd5 Be5 42. Ke6 Bxh2 43. Kxf5 Be5 44. Kg6 h4 45. Kxg7 f5+ 46. Kg6 f4 47. Kg5 f3 48. gxf3 h3 0-1


[Site "https://www.chess.com"]

[Event "Early Titled Tuesday Blitz | February 8 2022"]
[White "Manukian, Artak"]
[Black "Goldin, Roman"]
[WhiteFideId "13301373"]
[BlackFideId "2803860"]
[WhiteElo "2405"]
[BlackElo "2312"]
[Result "0-1"]
[Round "08"]
[TimeControl "180+1"]
[Date "2022.02.08"]
[WhiteClock "0:00:09"]
[BlackClock "0:00:45"]

1. e4 Nc6 2. Nf3 e5 3. d4 exd4 4. Nxd4 g6 5. Nxc6 bxc6 6. Qd4 Qf6 7. e5 Qe6 8. Bc4 d5 9. Bb3 Bb7 10. O-O c5 11. Qa4+ Bc6 12. Qa5 c4 13. Ba4 Ne7 14. Bg5 Nc8 15. Bf6 Rg8 16. Nc3 Nb6 17. Bxc6+ Qxc6 18. Qb5 Qxb5 19. Nxb5 Kd7 20. Rfd1 c6 21. Nd4 Bc5 22. Nf3 h6 23. b3 Ke6 24. h4 a5 25. a4 Rab8 26. Nd2 Bd4 27. Rab1 Bxe5 28. Bxe5 Kxe5 29. Re1+ Kd6 30. bxc4 Nxc4 31. Nxc4+ dxc4 32. Rbd1+ Kc5 33. Re7 Rb2 34. c3 Rc2 35. Re5+ Kb6 36. Rb1+ Kc7 37. Re7+ Kd6 38. Re3 Kc5 39. Rb7 f6 40. Rf7 Rd8 41. Rxf6 Rd3 42. Ree6 Rcxc3 43. Rxc6+ Kb4 44. Rxg6 Kxa4 45. Rxh6 Rc1+ 46. Kh2 Rd2 47. Kg3 Rcc2 48. Rhf6 c3 49. Rf3 Kb4 50. h5 a4 51. h6 Rd7 52. Rf4+ Kb3 53. Rb6+ Ka3 54. Ra6 Rcd2 55. Raxa4+ Kb3 56. Rab4+ Kc2 57. Rh4 R2d3+ 58. f3 Rh7 59. Rbg4 Rd6 60. Rc4 Rhxh6 61. Rxh6 Rxh6 62. Kf4 Rf6+ 63. Ke5 Rf8 64. f4 Kd3 65. Rc7 c2 66. f5 Re8+ 67. Kf4 Re4+ 68. Kf3 Rc4 69. Rd7+ Kc3 70. f6 c1=Q 71. f7 Qf4+ 72. Ke2 Re4+ 0-1


[Site "https://www.chess.com"]

[Event "Early Titled Tuesday Blitz | February 8 2022"]
[White "Manukyan, Artyom"]
[Black "Shyaamnikhil P"]
[WhiteFideId "13305786"]
[BlackFideId "5024218"]
[WhiteElo "2034"]
[BlackElo "2292"]
[Result "0-1"]
[Round "08"]
[TimeControl "180+1"]
[Date "2022.02.08"]
[WhiteClock "0:00:08"]
[BlackClock "0:00:12"]

1. e4 e5 2. Nf3 Nc6 3. Bb5 a6 4. Bxc6 dxc6 5. O-O Ne7 6. Nxe5 Qd4 7. Qh5 g6 8. Qg5 Bg7 9. Nd3 h6 10. Qf4 Qd6 11. Qxd6 cxd6 12. Nc3 g5 13. Re1 O-O 14. b3 Ng6 15. Ba3 Rd8 16. f3 f5 17. Rad1 a5 18. Nf2 b5 19. exf5 Bxf5 20. Nce4 b4 21. Bc1 d5 22. g4 Bc8 23. Ng3 Nh4 24. Re3 Rf8 25. Re7 Nxf3+ 26. Kg2 Nh4+ 27. Kg1 Bd4 28. Nh1 Bxg4 29. Rf1 Bf3 30. Ng3 Bg2 31. c3 Bc5 32. Re6 Bxf1 33. d4 Ba7 34. Rxh6 bxc3 35. Nxf1 Bxd4 36. Be3 Bxe3 37. Nxe3 Rae8 38. Neg4 Re1# 0-1


[Site "https://www.chess.com"]

[Event "Early Titled Tuesday Blitz | February 8 2022"]
[White "Marcziter, Dmitrii"]
[Black "Roman, Rodrigo"]
[WhiteFideId "13900765"]
[BlackFideId "3701220"]
[WhiteElo "2155"]
[BlackElo "2001"]
[Result "0-1"]
[Round "08"]
[TimeControl "180+1"]
[Date "2022.02.08"]
[WhiteClock "0:00:11"]
[BlackClock "0:00:21"]

1. e4 c5 2. Nc3 g6 3. g3 Nc6 4. Bg2 Bg7 5. d3 e6 6. Be3 d6 7. Qd2 h5 8. h4 Nge7 9. Nge2 Nd4 10. Nf4 Nec6 11. Nd1 Ne5 12. Bxd4 cxd4 13. O-O g5 14. hxg5 h4 15. g6 fxg6 16. c3 g5 17. cxd4 gxf4 18. dxe5 dxe5 19. gxf4 Bh6 20. Ne3 h3 21. Bf3 Bxf4 22. Kh1 Qf6 23. Ng4 Qe7 24. Qa5 b6 25. Qb5+ Bd7 26. Qa6 Bc8 27. Qb5+ Bd7 28. Qb3 Qd6 29. d4 Ke7 30. dxe5 Bxe5 31. Rad1 Qc5 32. Rc1 Qd4 33. Rfd1 Qxb2 34. Qxb2 Bxb2 35. Rc7 Rhd8 36. e5 Rac8 37. Rdxd7+ Rxd7 38. Rxc8 Rd3 39. Be4 Rd4 40. Nf6 Rd1+ 41. Kh2 Bxe5+ 42. Kxh3 Kxf6 43. Ra8 Rd7 44. Kg4 Rg7+ 45. Kf3 Bd4 46. Bd3 Ke5 47. Ke2 Rf7 48. f3 Bc5 49. Bc4 Kd4 50. Bb3 Re7 51. Rd8+ Kc3 52. Rd3+ Kb2 53. Rd2+ Ka3 54. Rd3 e5 55. Bd5+ Kb2 56. a4 Bd4 57. Kd2 Rc7 58. Rb3+ Ka1 59. Be4 Ka2 60. Bd5 Ka1 61. Be4 Rg7 62. Rb1+ Ka2 63. Rh1 Rg2+ 64. Kd3 Ka3 65. Bc6 Rb2 66. Ke4 Re2+ 67. Kf5 Rb2 68. Rc1 Rb4 69. Rc2 a5 70. Bb5 Rxa4 71. Bxa4 Kxa4 72. Rc4+ Kb3 73. Rc6 b5 74. Rd6 b4 75. f4 exf4 76. Rxd4 f3 77. Rf4 a4 78. Rxf3+ Ka2 79. Ke4 b3 80. Kd3 b2 81. Rf2 Ka1 82. Rf1+ b1=Q+ 83. Rxb1+ Kxb1 84. Kc3 a3 85. Kb3 a2 86. Kc3 a1=Q+ 87. Kc4 Qb2 88. Kd5 Kc2 89. Ke6 Qc3 90. Kd7 Kd3 91. Ke6 Qd4 92. Kf5 Qe4+ 93. Kf6 Kd4 94. Kg5 Qe5+ 95. Kg6 Ke4 0-1


[Site "https://www.chess.com"]

[Event "Early Titled Tuesday Blitz | February 8 2022"]
[White "Martinez Alcantara, Jose Eduardo"]
[Black "Gupta, Abhijeet"]
[WhiteFideId "3805662"]
[BlackFideId "5010608"]
[WhiteElo "2690"]
[BlackElo "2549"]
[Result "1-0"]
[Round "08"]
[TimeControl "180+1"]
[Date "2022.02.08"]
[WhiteClock "0:01:27"]
[BlackClock "0:00:17"]

1. e4 c5 2. Nf3 d6 3. c3 Nf6 4. h3 Nc6 5. Bd3 d5 6. e5 Nd7 7. Bb5 e6 8. d4 Qb6 9. Ba4 Qa6 10. Bc2 cxd4 11. cxd4 Nb4 12. Nc3 Nxc2+ 13. Qxc2 Be7 14. Bg5 Bxg5 15. Nxg5 h6 16. Nf3 Nb6 17. Qe2 Qxe2+ 18. Kxe2 Bd7 19. b3 Ke7 20. Kd2 Rhc8 21. Ne1 Rc7 22. Nd3 Rac8 23. Rhc1 Be8 24. a4 a6 25. Ne2 f6 26. Rxc7+ Rxc7 27. exf6+ gxf6 28. Nef4 Bf7 29. Re1 Kd6 30. g4 Re7 31. Ng2 e5 32. Nh4 Be6 33. dxe5+ fxe5 34. Rxe5 d4 35. a5 Nd5 36. Re4 Nf6 37. Rxd4+ Kc7 38. Nc5 Bg8 39. b4 Nd5 40. Nf5 Re5 41. f4 Re8 42. Nxh6 Nf6 43. g5 Nh5 44. f5 Ng3 45. f6 Bh7 46. Rd7+ Kc6 47. Rxh7 1-0


[Site "https://www.chess.com"]

[Event "Early Titled Tuesday Blitz | February 8 2022"]
[White "Martinovici, Ilia"]
[Black "Weishaeutel, Moritz"]
[WhiteFideId "13907034"]
[BlackFideId "12967300"]
[WhiteElo "2303"]
[BlackElo "2002"]
[Result "1-0"]
[Round "08"]
[TimeControl "180+1"]
[Date "2022.02.08"]
[WhiteClock "0:00:46"]
[BlackClock "0:00:03"]

1. d4 Nf6 2. c4 e6 3. Nc3 d5 4. cxd5 exd5 5. Bg5 c6 6. e3 Bd6 7. Bd3 O-O 8. Qc2 h6 9. Bh4 Nbd7 10. Nge2 Re8 11. O-O-O b5 12. g4 Qa5 13. g5 hxg5 14. Bxg5 Ng4 15. Bh7+ Kh8 16. Bf5 Nxf2 17. Nf4 Nxh1 18. Qe2 Nf8 19. Qh5+ Kg8 20. Bc2 Bg4 21. Qxg4 Nf2 22. Qg2 Nxd1 23. Bf6 g6 24. Qh3 Nh7 25. Nxg6 Nxc3 26. Ne7+ Rxe7 27. Qxh7+ Kf8 28. Qh8# 1-0


[Site "https://www.chess.com"]

[Event "Early Titled Tuesday Blitz | February 8 2022"]
[White "Miszler, Levente"]
[Black "Guseva, Marina"]
[WhiteFideId "763276"]
[BlackFideId "4149351"]
[WhiteElo "1966"]
[BlackElo "2232"]
[Result "0-1"]
[Round "08"]
[TimeControl "180+1"]
[Date "2022.02.08"]
[WhiteClock "0:00:44"]
[BlackClock "0:00:09"]

1. Nf3 Nf6 2. c4 e6 3. g3 d5 4. b3 Be7 5. Bg2 O-O 6. O-O b6 7. Bb2 Bb7 8. d4 Nbd7 9. Nbd2 Ne4 10. e3 f5 11. Ne5 Nxe5 12. dxe5 Bb4 13. Nxe4 dxe4 14. a3 Be7 15. Qe2 c5 16. Rfd1 Qc7 17. Rd2 Rad8 18. Rad1 Rxd2 19. Rxd2 Bc6 20. Qd1 g6 21. Qc2 Rf7 22. Qc3 Bf8 23. Rd6 Qc8 24. Rd1 h6 25. b4 Kh7 26. b5 Be8 27. a4 Rd7 28. Rxd7+ Qxd7 29. Qc2 Bg7 30. Bf1 g5 31. Be2 Bf7 32. Qd1 Qc7 33. Bh5 Bxh5 34. Qxh5 Qd7 35. Qe2 Kg6 36. Bc3 Qc7 37. Qb2 Qd7 38. Qc2 h5 39. Kg2 h4 40. Kf1 h3 41. Ke2 Kh5 42. a5 Bf8 43. axb6 axb6 44. Qa2 Qd3+ 45. Ke1 Qxc3+ 46. Kf1 Qd3+ 47. Ke1 Bg7 48. Qa7 Bxe5 49. Qh7+ Kg4 50. Qg6 Bc3# 0-1


[Site "https://www.chess.com"]

[Event "Early Titled Tuesday Blitz | February 8 2022"]
[White "Moskvin, Anatoly"]
[Black "Odegov, Artem"]
[WhiteFideId "24199990"]
[BlackFideId "34183644"]
[WhiteElo "2079"]
[BlackElo "2277"]
[Result "1-0"]
[Round "08"]
[TimeControl "180+1"]
[Date "2022.02.08"]
[WhiteClock "0:00:05"]
[BlackClock "0:00:07"]

1. e4 e6 2. Nf3 d5 3. e5 c5 4. b4 b6 5. c3 Ba6 6. Bxa6 Qd7 7. Be2 Ne7 8. bxc5 bxc5 9. d4 c4 10. Ba3 Nec6 11. Bxf8 Rxf8 12. Qc2 g6 13. h4 h5 14. g4 hxg4 15. Nh2 g3 16. fxg3 Qc7 17. Ng4 Nd7 18. h5 gxh5 19. Rxh5 Qa5 20. Nd2 Rb8 21. a4 Rg8 22. Kf2 Qb6 23. Rb1 Nxd4 24. Rxb6 Nxc2 25. Rxb8+ Nxb8 26. Rh1 Nd7 27. Rc1 Na3 28. Ra1 Nc2 29. Ra2 d4 30. Nxc4 d3 31. Bxd3 Rxg4 32. Rxc2 Nc5 33. Be2 Rg5 34. a5 Rg8 35. g4 Rh8 36. Ke3 Rh3+ 37. Kd4 Nb3+ 38. Ke4 Rh2 39. Ne3 Ke7 40. a6 Rh3 41. Rb2 Nc5+ 42. Kf4 f6 43. exf6+ Kxf6 44. g5+ Kg7 45. Bg4 Rh8 46. Rb5 Rc8 47. Ke5 Nd3+ 48. Kxe6 Rxc3 49. Rb7+ Kg6 50. Rxa7 Nf4+ 51. Ke5 Nd3+ 52. Kd4 Ra3 53. Bf5+ Kxg5 54. Bxd3 Kf4 55. Bc4 Rxa6 56. Rxa6 Kg5 57. Bf7 Kf4 58. Rf6+ Kg5 59. Rf5+ Kh6 60. Bd5 Kg7 61. Ke5 Kh6 62. Ke6 Kg7 63. Ke7 Kg6 64. Be4 Kh6 65. Rf1 Kh5 66. Rg1 Kh4 67. Rg4+ Kh3 68. Bf3 Kh2 69. Nf1+ Kh3 70. Rg3+ Kh4 71. Be4 Kh5 72. Rg1 Kh4 73. Kf6 Kh3 74. Bf3 Kh4 75. Rh1# 1-0


[Site "https://www.chess.com"]

[Event "Early Titled Tuesday Blitz | February 8 2022"]
[White "Mosutha, Thuso"]
[Black "Loy, Konstantin"]
[WhiteFideId "11302550"]
[BlackFideId "14122499"]
[WhiteElo "2028"]
[BlackElo "2084"]
[Result "1-0"]
[Round "08"]
[TimeControl "180+1"]
[Date "2022.02.08"]
[WhiteClock "0:01:31"]
[BlackClock "0:00:08"]

1. d4 Nf6 2. c4 c5 3. d5 b5 4. cxb5 a6 5. bxa6 Bxa6 6. Nc3 g6 7. e4 Bxf1 8. Kxf1 d6 9. Nf3 Bg7 10. g3 Nbd7 11. Kg2 O-O 12. Qc2 Ra6 13. Re1 Qa8 14. b3 e6 15. dxe6 fxe6 16. Bb2 d5 17. exd5 exd5 18. Nb5 Qc6 19. a4 d4 20. Qd3 Nd5 21. Kg1 Nb4 22. Qc4+ Kh8 23. Ng5 h6 24. Ne6 Rg8 25. Nxg7 Rxg7 26. Nxd4 cxd4 27. Qxb4 Qd6 28. Qxd4 Qxd4 29. Bxd4 Rd6 30. Bxg7+ Kxg7 31. Rad1 1-0


[Site "https://www.chess.com"]

[Event "Early Titled Tuesday Blitz | February 8 2022"]
[White "Muradov, Soltan"]
[Black "Atakhan, Abtin"]
[WhiteFideId "14002108"]
[BlackFideId "22502203"]
[WhiteElo "1854"]
[BlackElo "2119"]
[Result "0-1"]
[Round "08"]
[TimeControl "180+1"]
[Date "2022.02.08"]
[WhiteClock "0:00:04"]
[BlackClock "0:00:14"]

1. c4 e5 2. Nc3 Nc6 3. d3 f5 4. g3 Nf6 5. Bg2 d6 6. e3 g6 7. Nge2 Bg7 8. a3 O-O 9. b4 Rb8 10. b5 Ne7 11. Bb2 Be6 12. O-O c6 13. a4 g5 14. a5 f4 15. exf4 gxf4 16. gxf4 Nh5 17. Ne4 Nxf4 18. Nxf4 Rxf4 19. Kh1 Ng6 20. Ba3 c5 21. Bc1 Qh4 22. Bxf4 exf4 23. Ra2 f3 24. Qxf3 Be5 25. Ng3 Nf4 26. Rg1 d5 27. Re2 Bg4 28. Rxe5 Bxf3 29. Bxf3 Kh8 30. cxd5 Nxd3 31. Re2 Rf8 32. Be4 Nxf2+ 33. Kg2 Qh3# 0-1


[Site "https://www.chess.com"]

[Event "Early Titled Tuesday Blitz | February 8 2022"]
[White "Murzin, Volodar"]
[Black "Timofeev, Artyom"]
[WhiteFideId "44155573"]
[BlackFideId "4140419"]
[WhiteElo "2585"]
[BlackElo "2583"]
[Result "0-1"]
[Round "08"]
[TimeControl "180+1"]
[Date "2022.02.08"]
[WhiteClock "0:00:03"]
[BlackClock "0:00:28"]

1. e4 c5 2. Nf3 Nc6 3. Bb5 d6 4. O-O Bd7 5. Re1 a6 6. Bf1 Bg4 7. c3 g6 8. h3 Bxf3 9. Qxf3 Bg7 10. d3 Nf6 11. Be3 Nd7 12. Nd2 O-O 13. Qd1 b5 14. Nf3 b4 15. Qa4 Qc7 16. d4 Rfb8 17. Rac1 bxc3 18. bxc3 Nb6 19. Qa3 Nd7 20. dxc5 Nxc5 21. Bxc5 dxc5 22. Qxc5 Rc8 23. Red1 e6 24. c4 Bf8 25. Qe3 Ne5 26. Nxe5 Qxe5 27. Rd7 Bc5 28. Qf3 Rf8 29. Rb1 Rad8 30. Rxd8 Rxd8 31. Rb7 Rf8 32. Bd3 Qa1+ 33. Bb1 a5 34. g3 a4 35. Kg2 a3 36. Qe2 Qd4 37. Bd3 Rd8 0-1


[Site "https://www.chess.com"]

[Event "Early Titled Tuesday Blitz | February 8 2022"]
[White "Musovic, Armin"]
[Black "Mejia, Cherry Ann"]
[WhiteFideId "939935"]
[BlackFideId "5206880"]
[WhiteElo "2250"]
[BlackElo "2007"]
[Result "1-0"]
[Round "08"]
[TimeControl "180+1"]
[Date "2022.02.08"]
[WhiteClock "0:01:03"]
[BlackClock "0:00:04"]

1. a3 e5 2. Nc3 Nc6 3. e4 g6 4. Nf3 Bg7 5. Bc4 d6 6. d3 Nge7 7. Ng5 O-O 8. f4 h6 9. Nf3 Kh7 10. fxe5 dxe5 11. O-O f5 12. Bg5 Bf6 13. Bxf6 Rxf6 14. Qe1 f4 15. Qh4 Kg7 16. Nd5 Nxd5 17. exd5 g5 18. Qe1 Nd4 19. Nxd4 exd4 20. Qe5 Qd6 21. Qxd4 c5 22. Qc3 a6 23. a4 Bd7 24. a5 Rf8 25. Rae1 Kg6 26. Qe5 Qxe5 27. Rxe5 g4 28. g3 f3 29. Kf2 Rd6 30. Rfe1 Kf6 31. R5e4 h5 32. Rf4+ Kg7 33. Rxf8 Kxf8 34. Re5 Be8 35. c3 Bf7 36. Ke3 Kg7 37. Rf5 Bg6 38. Rf4 Rd7 39. d4 Re7+ 40. Kf2 cxd4 41. Rxd4 Bf7 42. d6 Rd7 43. Bxf7 Kxf7 44. c4 Ke6 45. c5 Ke5 46. Rd1 Ke4 47. b4 Ke5 48. Re1+ Kd4 49. Re7 Rd8 50. Rxb7 Kc4 51. Rb6 Re8 52. d7 Re2+ 53. Kf1 Rd2 54. Rd6 Rxh2 55. d8=Q Rh1+ 56. Kf2 Rh2+ 57. Ke1 Rh1+ 58. Kd2 f2 59. Rf6 f1=Q 60. Rxf1 Rxf1 61. Qd3+ Kxb4 62. Qxf1 Kxa5 63. Qb1 h4 64. gxh4 g3 65. Ke2 g2 66. Kf2 Ka4 67. Kxg2 Ka3 68. Qb6 a5 69. Qxa5+ Kb3 70. c6 Kc2 71. Qg5 Kd3 72. c7 Ke4 73. h5 Kd3 74. h6 Ke2 75. h7 Kd1 76. Qe3 Kc2 77. Qd4 Kb3 78. Qc5 Ka2 79. Qb4 Ka1 80. c8=Q Ka2 81. Qe6+ Ka1 82. h8=Q# 1-0


[Site "https://www.chess.com"]

[Event "Early Titled Tuesday Blitz | February 8 2022"]
[White "Narayanan.S.L"]
[Black "Mirzoev, Azer"]
[WhiteFideId "5058422"]
[BlackFideId "13400304"]
[WhiteElo "2494"]
[BlackElo "2525"]
[Result "1-0"]
[Round "08"]
[TimeControl "180+1"]
[Date "2022.02.08"]
[WhiteClock "0:00:45"]
[BlackClock "0:00:02"]

1. c4 e6 2. Nc3 d5 3. d4 c6 4. cxd5 exd5 5. Bf4 Bf5 6. e3 Nd7 7. Nge2 Ngf6 8. Ng3 Bg6 9. h4 h5 10. Bd3 Bxd3 11. Qxd3 g6 12. O-O-O Qa5 13. Kb1 O-O-O 14. Rc1 Nb6 15. Ka1 Bd6 16. Bg5 Be7 17. f3 Rhe8 18. Rc2 Kb8 19. Rhc1 Ka8 20. e4 dxe4 21. fxe4 Ng4 22. Bxe7 Rxe7 23. d5 a6 24. Qd4 c5 25. Qg1 Ne5 26. Rd1 Nbc4 27. Nf1 Qb4 28. Nd2 Nxd2 29. Rdxd2 Nc4 30. Rd1 Nd6 31. g3 Nxe4 32. Nxe4 Rxe4 33. a3 Qb5 34. Rxc5 Qe2 35. Rdc1 Ree8 36. Qd4 Qe7 37. Rc7 Qd6 38. R1c6 Qxg3 39. Rxa6+ Kb8 40. Rxb7+ Kxb7 41. Qb6+ Kc8 42. Qc6+ Qc7 43. Ra8# 1-0


[Site "https://www.chess.com"]

[Event "Early Titled Tuesday Blitz | February 8 2022"]
[White "Navara, David"]
[Black "Pakleza, Zbigniew"]
[WhiteFideId "309095"]
[BlackFideId "1119290"]
[WhiteElo "2686"]
[BlackElo "2467"]
[Result "1/2-1/2"]
[Round "08"]
[TimeControl "180+1"]
[Date "2022.02.08"]
[WhiteClock "0:00:03"]
[BlackClock "0:00:04"]

1. e4 d6 2. d4 Nf6 3. Nc3 c6 4. f4 Qb6 5. e5 Nd5 6. Nxd5 cxd5 7. Bd3 Nc6 8. c3 g6 9. h3 Bf5 10. Bxf5 gxf5 11. Qh5 e6 12. Nf3 Qc7 13. Ng5 Qd7 14. Be3 h6 15. O-O-O Rg8 16. Nh7 Bg7 17. g4 fxg4 18. hxg4 O-O-O 19. f5 dxe5 20. f6 exd4 21. fxg7 dxe3 22. Nf6 Qc7 23. Qxh6 Qe5 24. Rh5 Qg3 25. Rh3 Qf2 26. Nxg8 e2 27. Nf6 Ne5 28. g8=Q exd1=Q+ 29. Kxd1 Rxg8 30. Nxg8 Nc4 31. Rh2 Nxb2+ 32. Kc1 Nd3+ 33. Kb1 Qg1+ 34. Kc2 Ne1+ 35. Kb3 Qb6+ 36. Ka4 Qa6+ 37. Kb4 Qb6+ 38. Ka4 Qa6+ 39. Kb4 Qb6+ 40. Ka4 1/2-1/2


[Site "https://www.chess.com"]

[Event "Early Titled Tuesday Blitz | February 8 2022"]
[White "Nazari, Arad"]
[Black "Kanyamarala, Tarun"]
[WhiteFideId "12577324"]
[BlackFideId "45004714"]
[WhiteElo "2120"]
[BlackElo "2144"]
[Result "1-0"]
[Round "08"]
[TimeControl "180+1"]
[Date "2022.02.08"]
[WhiteClock "0:01:46"]
[BlackClock "0:00:50"]

1. e4 c5 2. Nf3 Nc6 3. Bb5 g6 4. O-O Bg7 5. Re1 e5 6. b4 Nxb4 7. c3 Nc6 8. d4 cxd4 9. cxd4 Nxd4 10. Nxd4 exd4 11. Qb3 Ne7 12. Nd2 O-O 13. e5 a6 14. Bd3 b5 15. Ba3 Bb7 16. Ne4 Bd5 17. Bxe7 Bxb3 18. Bxd8 Bc4 19. Bxc4 bxc4 20. Bf6 Rab8 21. Rac1 c3 22. Red1 Rfc8 23. Rxd4 c2 24. Bxg7 Kxg7 25. Nd2 Rb2 26. a4 Rcb8 27. Rc4 Rb1 28. Rxc2 R8b2 29. Nxb1 1-0


[Site "https://www.chess.com"]

[Event "Early Titled Tuesday Blitz | February 8 2022"]
[White "Necula, Iulian"]
[Black "Kostiukov, Alexandr"]
[WhiteFideId "1232380"]
[BlackFideId "14108100"]
[WhiteElo "1776"]
[BlackElo "2202"]
[Result "1-0"]
[Round "08"]
[TimeControl "180+1"]
[Date "2022.02.08"]
[WhiteClock "0:00:11"]
[BlackClock "0:00:31"]

1. b4 Nf6 2. Bb2 g6 3. c4 Bg7 4. Nf3 O-O 5. g3 c5 6. a3 d5 7. cxd5 cxb4 8. axb4 Qxd5 9. Bg2 Qh5 10. Ra5 Qg4 11. d4 Nc6 12. Rg5 Qd7 13. b5 Nb4 14. O-O Ne4 15. Re5 Nd6 16. Rc5 Nxb5 17. Qa4 Nd6 18. Qxb4 b6 19. Rc2 Qf5 20. Rfc1 Bb7 21. Nbd2 b5 22. e4 Nxe4 23. Nxe4 Bxe4 24. Rc5 Qd7 25. Qxb5 Qg4 26. h3 Qe6 27. Ne5 Bxg2 28. Kxg2 Rab8 29. Qe2 Qb6 30. R1c2 Rfd8 31. d5 Rb7 32. Nc6 Rdd7 33. Bxg7 Kxg7 34. Qe5+ Kg8 35. R5c4 Qc7 36. Qxc7 Rbxc7 37. Nxe7+ Rxe7 38. Rxc7 Re5 39. Rd2 Kf8 40. d6 Re8 41. Rxa7 Rd8 42. d7 Ke7 43. Rc7 f6 44. Rc8 Rxd7 45. Rxd7+ Kxd7 46. Rh8 h5 47. Rh6 g5 48. Rxf6 Ke7 49. Rf5 g4 50. Rxh5 gxh3+ 51. Kxh3 Kf6 52. Rb5 Kg6 53. Kg4 Kg7 54. Kg5 Kf7 55. Rb6 Ke7 56. Ra6 Kd7 57. Kf5 Kc7 58. g4 Kb7 59. Rh6 Kc7 60. g5 Kd7 61. g6 Ke7 62. Rh7+ Kf8 63. Kf6 Ke8 64. Rh8+ Kd7 65. g7 Kd6 66. g8=Q Kc5 67. Qd8 Kc4 68. Rh5 1-0


[Site "https://www.chess.com"]

[Event "Early Titled Tuesday Blitz | February 8 2022"]
[White "Nesterov, Arseniy"]
[Black "Andreikin, Dmitry"]
[WhiteFideId "24198455"]
[BlackFideId "4158814"]
[WhiteElo "2489"]
[BlackElo "2736"]
[Result "1/2-1/2"]
[Round "08"]
[TimeControl "180+1"]
[Date "2022.02.08"]
[WhiteClock "0:00:08"]
[BlackClock "0:00:03"]

1. d4 d5 2. c4 e6 3. Nc3 Nf6 4. Nf3 Nbd7 5. Bg5 h6 6. Bh4 Be7 7. e3 O-O 8. Qc2 a6 9. cxd5 exd5 10. Bd3 c6 11. O-O Re8 12. Rae1 Ne4 13. Bxe4 Bxh4 14. Bh7+ Kh8 15. Bd3 Be7 16. e4 Nb6 17. Ne5 Be6 18. exd5 Nxd5 19. Bf5 Kg8 20. Bxe6 fxe6 21. Qg6 Bb4 22. Qf7+ Kh7 23. Qxb7 Bxc3 24. bxc3 Nxc3 25. Qb4 Nd5 26. Qb1+ Kg8 27. Nxc6 Qg5 28. g3 Rac8 29. Qb7 Rf8 30. Rxe6 Nf4 31. Ne7+ Kh8 32. Re5 Nh3+ 33. Kg2 Qg4 34. Nxc8 Nf4+ 35. Kh1 Qh3 36. Rg1 Nd3 37. Re2 Nxf2+ 38. Rxf2 Rxf2 39. Rg2 Rf1+ 40. Rg1 Rf2 41. Rg2 Rf1+ 42. Rg1 Rf2 1/2-1/2


[Site "https://www.chess.com"]

[Event "Early Titled Tuesday Blitz | February 8 2022"]
[White "Nilsen, Tobias Lang"]
[Black "Madaminov, Mukhiddin"]
[WhiteFideId "1521624"]
[BlackFideId "14210703"]
[WhiteElo "2013"]
[BlackElo "1916"]
[Result "0-1"]
[Round "08"]
[TimeControl "180+1"]
[Date "2022.02.08"]
[WhiteClock "0:00:50"]
[BlackClock "0:00:48"]

1. f4 e5 2. fxe5 d6 3. Nf3 dxe5 4. e4 Nc6 5. Bc4 Bc5 6. Qe2 Nf6 7. Bxf7+ Kxf7 8. Qc4+ Kg6 9. Qxc5 Nxe4 10. Qe3 Nf6 11. O-O Re8 12. Nc3 e4 13. Nh4+ Kf7 14. Nf5 Bxf5 15. Rxf5 Nd4 16. Rf1 Nxc2 17. Qh3 Nxa1 18. Qxh7 Qd4+ 19. Kh1 Rh8 20. Qf5 Nc2 21. Nxe4 Qc4 22. d3 Qc6 23. Ng5+ Kg8 24. Qg6 Rxh2+ 25. Kxh2 Ng4+ 26. Kg3 Qxg6 27. Kxg4 Qxd3 28. Bf4 Qxf1 0-1


[Site "https://www.chess.com"]